[Event "Titled Tuesday Blitz May 10 Early 2022"]
[White "Matveeva, Olga"]
[Black "Shyaamnikhil P"]
[WhiteFideId "24107018"]
[BlackFideId "5024218"]
[WhiteElo "2052"]
[BlackElo "2329"]
[Result "1/2-1/2"]
[Round "01"]
[TimeControl "180+1"]
[Date "2022.05.11"]
[WhiteClock "0:00:15"]
[BlackClock "0:00:14"]

1. d4 Nf6 2. c4 e6 3. g3 c5 4. d5 exd5 5. cxd5 d6 6. Nc3 g6 7. Bg2 Bg7 8. Nf3 O-O 9. O-O Re8 10. Nd2 b6 11. a4 Ba6 12. Nb5 Bxb5 13. axb5 a5 14. Nc4 Ra7 15. Bf4 Rd7 16. Qc2 Nh5 17. Bc1 f5 18. e4 fxe4 19. Bh3 Nf6 20. Bg5 h6 21. Be6+ Kh7 22. Bxf6 Qxf6 23. Qxe4 Rde7 24. Nxd6 Rxe6 25. dxe6 Rxe6 26. Qb7 Rxd6 27. Qxb8 Rd2 28. Qb7 Rxb2 29. Rad1 a4 30. Rd7 a3 31. Qd5 a2 32. Rd8 Qxd8 33. Qxd8 Rb1 34. Qxb6 Rxf1+ 35. Kxf1 a1=Q+ 36. Kg2 c4 37. Qc7 c3 38. b6 Qb2 39. b7 c2 40. b8=Q Qxb8 41. Qxb8 c1=Q 42. Qb7 Qb2 43. Qc6 Qf6 44. Qb7 h5 45. h4 Qf5 46. Qc6 Kh6 47. Qc1+ Kh7 48. Qc6 Qf7 49. Qe4 Bf6 50. Qc6 Kg7 51. Qe4 Qe7 52. Qd5 Qe5 53. Qb7+ Be7 54. Qc6 Qf6 55. Qb7 Qe5 56. Qc6 Bc5 57. Qb7+ Kh6 58. Qc6 Qf5 59. Qf3 Qxf3+ 60. Kxf3 Kg7 61. Kg2 Kf6 62. f3 Kf5 63. Kh3 Bd6 64. g4+ hxg4+ 65. fxg4+ Kf4 66. g5 Be5 67. h5 Kxg5 68. hxg6 Kxg6 1/2-1/2


[Site "https://www.chess.com"]

[Event "Titled Tuesday Blitz May 10 Early 2022"]
[White "Melian, Juan Sebastian"]
[Black "Bortnyk, Olexandr"]
[WhiteFideId "3706575"]
[BlackFideId "14120828"]
[WhiteElo "1851"]
[BlackElo "2723"]
[Result "0-1"]
[Round "01"]
[TimeControl "180+1"]
[Date "2022.05.10"]
[WhiteClock "0:00:08"]
[BlackClock "0:00:13"]

1. d4 d6 2. e4 Nf6 3. Nd2 e5 4. Ngf3 exd4 5. Nxd4 g6 6. Bc4 Bg7 7. O-O O-O 8. N4f3 Nc6 9. c3 Bg4 10. Re1 d5 11. exd5 Nxd5 12. h3 Bf5 13. Ne4 Nb6 14. Bd3 h6 15. Qc2 Nd5 16. a3 Re8 17. Bd2 Re7 18. Nc5 Bc8 19. Rxe7 Qxe7 20. Ne4 Be6 21. Re1 Rd8 22. Ng3 a6 23. Bc1 Qd7 24. Be4 f5 25. Bd3 Bf7 26. Bc4 b5 27. Bb3 Nb6 28. Bxf7+ Qxf7 29. Bf4 Nd5 30. Be5 Re8 31. Bxg7 Rxe1+ 32. Nxe1 Kxg7 33. Qd3 Qe6 34. Nf3 Nf4 35. Qd2 Qd6 36. Qe3 Nd3 37. Qd2 Nc5 38. Qe2 Qe6 39. Qd2 Qd6 40. Qe2 Kf7 41. c4 Nd3 42. cxb5 axb5 43. Qc2 Nde5 44. Nxe5+ Nxe5 45. Qc1 Kg7 46. Qc3 Kf7 47. Qc1 h5 48. Qc3 c5 49. h4 c4 50. Qe1 Nd3 51. Qd2 Qe5 52. Ne2 Qxb2 53. Qe3 Qa1+ 54. Kh2 Qxa3 55. Qh6 Qf8 56. Qg5 Qe7 57. Qh6 Qxe2 58. Qh7+ Kf8 59. Qh8+ Ke7 60. Qg7+ Kd6 61. Qxg6+ Qe6 62. Qg7 Qe5+ 0-1


[Site "https://www.chess.com"]

[Event "Titled Tuesday Blitz May 10 Early 2022"]
[White "Melikhov, Evgeny V."]
[Black "Kozak, Antoni"]
[WhiteFideId "4122046"]
[BlackFideId "21832030"]
[WhiteElo "1931"]
[BlackElo "2322"]
[Result "0-1"]
[Round "01"]
[TimeControl "180+1"]
[Date "2022.05.11"]
[WhiteClock "0:00:51"]
[BlackClock "0:00:52"]

1. d4 d5 2. c4 e6 3. Nc3 Nf6 4. cxd5 exd5 5. Bg5 c6 6. Qc2 Be7 7. e3 O-O 8. Bd3 Nbd7 9. Nf3 Re8 10. O-O h6 11. Bh4 Ne4 12. Bxe4 Bxh4 13. Bh7+ Kh8 14. Bd3 Be7 15. Rab1 a5 16. a3 Bf8 17. b4 axb4 18. axb4 b5 19. Nxb5 cxb5 20. Qc6 Nb6 21. Ne5 Be6 22. Bxb5 Re7 23. Qc2 Rc7 24. Qe2 Bd6 25. Bc6 Rac8 26. b5 Bxe5 27. dxe5 Bd7 28. e4 Bxc6 29. bxc6 Rxc6 30. exd5 Qxd5 31. Rfd1 Qe6 32. h3 Kg8 33. f4 Nd5 34. Qa2 Nc3 0-1


[Site "https://www.chess.com"]

[Event "Titled Tuesday Blitz May 10 Early 2022"]
[White "Mica, Marek"]
[Black "Cunha, Lucas Aguiar"]
[WhiteFideId "382884"]
[BlackFideId "2125404"]
[WhiteElo "2100"]
[BlackElo "2361"]
[Result "0-1"]
[Round "01"]
[TimeControl "180+1"]
[Date "2022.05.11"]
[WhiteClock "0:01:02"]
[BlackClock "0:00:17"]

1. Nf3 d5 2. g3 c5 3. Bg2 Nc6 4. O-O Nf6 5. d4 e6 6. c4 dxc4 7. Qa4 cxd4 8. Ne5 Bd7 9. Nxc6 Qb6 10. Qxc4 Bxc6 11. Bxc6+ bxc6 12. b3 Rd8 13. Bb2 Be7 14. Nd2 O-O 15. Rac1 c5 16. Rfd1 Rd5 17. Nf3 Rfd8 18. Ne1 h5 19. Nd3 Nd7 20. e4 dxe3 21. fxe3 Bg5 22. e4 Bxc1 23. exd5 Bxb2 24. Nxb2 Ne5 25. Qe4 c4+ 26. Kg2 Ng4 27. Rf1 Ne3+ 28. Kg1 Nxf1+ 29. Kxf1 exd5 30. Qf3 cxb3 31. axb3 Rb8 32. Nd3 Qxb3 33. Kg2 Qc2+ 34. Nf2 d4 35. Qxh5 Rb2 36. Qf3 Qxf2+ 37. Qxf2 Rxf2+ 38. Kxf2 a5 39. Ke2 a4 40. Kd3 a3 41. Kxd4 a2 42. Kd3 a1=Q 43. Ke2 Qh1 44. Kf2 Qxh2+ 45. Kf3 f5 46. Kf4 Qf2+ 47. Kg5 Qxg3+ 48. Kh5 Qg4# 0-1


[Site "https://www.chess.com"]

[Event "Titled Tuesday Blitz May 10 Early 2022"]
[White "Mitrabha, Guha"]
[Black "Heinemann, Josefine"]
[WhiteFideId "5057000"]
[BlackFideId "12900460"]
[WhiteElo "2468"]
[BlackElo "2300"]
[Result "1-0"]
[Round "01"]
[TimeControl "180+1"]
[Date "2022.05.11"]
[WhiteClock "0:00:33"]
[BlackClock "0:00:18"]

1. Nf3 c5 2. b3 Nc6 3. Bb2 d5 4. e3 Nf6 5. Bb5 Bd7 6. O-O g6 7. c4 dxc4 8. Bxc4 Bg7 9. d4 cxd4 10. Nxd4 O-O 11. Nd2 Rc8 12. Rc1 Nxd4 13. Bxd4 Bc6 14. Nf3 b6 15. Ne5 Bb7 16. Qe2 e6 17. Ba6 Qd5 18. Bxb7 Qxb7 19. Qf3 Qxf3 20. Nxf3 Nd5 21. a4 Rfd8 22. Ne5 Nb4 23. Nf3 Bxd4 24. Nxd4 e5 25. Nb5 a5 26. g3 Kg7 27. Na3 Rxc1 28. Rxc1 Rd3 29. Rb1 e4 30. Nc4 Nd5 31. Kf1 f5 32. Ne5 Rd2 33. Rc1 Rb2 34. Rd1 Nf6 35. Rc1 Ng4 36. Rc7+ Kg8 37. Nxg4 fxg4 38. Rc4 Rxb3 39. Rxe4 h5 40. Kg2 Kf7 41. Rd4 Ke6 42. Rd8 Rb4 43. Rg8 Kf7 44. Rb8 Ke6 45. h3 gxh3+ 46. Kxh3 Kf6 47. f4 Kf7 48. Kh4 Kf6 49. Rb7 Rb3 50. e4 Rb4 51. e5+ Kf5 52. Rf7+ Ke6 53. Rf6+ Ke7 54. Rxg6 Rxa4 55. Rxb6 Rb4 56. Ra6 a4 57. Kxh5 Kf7 58. Kg5 1-0


[Site "https://www.chess.com"]

[Event "Titled Tuesday Blitz May 10 Early 2022"]
[White "Moussard, Jules"]
[Black "Lamaze, Simon"]
[WhiteFideId "642908"]
[BlackFideId "36069264"]
[WhiteElo "2589"]
[BlackElo "1999"]
[Result "1-0"]
[Round "01"]
[TimeControl "180+1"]
[Date "2022.05.11"]
[WhiteClock "0:00:23"]
[BlackClock "0:01:38"]

1. Nf3 Nf6 2. b3 d6 3. d4 g6 4. Bb2 Bg7 5. g3 O-O 6. Bg2 c6 7. O-O Ne4 8. Nbd2 f5 9. c4 Nd7 10. Nxe4 fxe4 11. Ng5 Nf6 12. Nxe4 Nxe4 13. Bxe4 Bh3 14. Bg2 Bxg2 15. Kxg2 d5 16. e3 Qd7 17. Qe2 Rae8 18. Rad1 Qf5 19. f3 Rd8 20. Rfe1 e6 21. e4 Qf7 22. cxd5 exd5 23. e5 Qe6 24. f4 h5 25. Rf1 Bh6 26. Bc1 Rf7 27. f5 gxf5 28. Qxh5 Bxc1 29. Rxc1 Rdf8 30. Rf4 Rh7 31. Qf3 Rg7 32. Rf1 Rg5 33. h4 Rg7 34. Rxf5 Rxf5 35. Qxf5 Qh6 36. Qf4 Qg6 37. Qf8+ Kh7 38. Qf5 Qxf5 39. Rxf5 Rd7 40. e6 Re7 41. Rf7+ Rxf7 42. exf7 Kg7 43. g4 Kxf7 44. g5 Kg6 45. Kg3 Kf5 46. Kf3 a5 47. Ke3 b6 48. a3 c5 49. a4 Ke6 50. h5 Kf5 51. h6 Kg6 52. Kf4 Kh7 53. Kf5 cxd4 54. Kf4 1-0


[Site "https://www.chess.com"]

[Event "Titled Tuesday Blitz May 10 Early 2022"]
[White "Munoz, Francisco Javier"]
[Black "Maximov, Dmitry"]
[WhiteFideId "128368"]
[BlackFideId "14105659"]
[WhiteElo "2383"]
[BlackElo "2494"]
[Result "0-1"]
[Round "01"]
[TimeControl "180+1"]
[Date "2022.05.11"]
[WhiteClock "0:00:29"]
[BlackClock "0:01:03"]

1. e4 c5 2. Nf3 d6 3. c3 Nf6 4. Bd3 Nc6 5. Bc2 Bg4 6. h3 Bh5 7. d4 cxd4 8. cxd4 Bxf3 9. gxf3 e6 10. a3 d5 11. Be3 g6 12. Nc3 Bg7 13. h4 O-O 14. Qd2 Na5 15. b3 Rc8 16. e5 Nh5 17. Ne2 Qb6 18. Rb1 Rc7 19. Ng3 Rfc8 20. Bd1 Nxg3 21. fxg3 Nc4 22. bxc4 Qxb1 23. c5 b6 24. cxb6 axb6 25. h5 Rc2 26. Qb4 Rb2 27. hxg6 Rxb4 28. gxh7+ Kh8 29. axb4 Qxb4+ 30. Kf2 Qb2+ 31. Be2 Rc2 32. Re1 Kxh7 33. f4 Kg8 34. Kf3 b5 35. Bd3 Rh2 36. Rb1 Qg2+ 37. Kg4 Qh3+ 38. Kf3 Qh5+ 0-1


[Site "https://www.chess.com"]

[Event "Titled Tuesday Blitz May 10 Early 2022"]
[White "Nakamura, Hikaru"]
[Black "Turutin, Alexander"]
[WhiteFideId "2016192"]
[BlackFideId "4180623"]
[WhiteElo "2850"]
[BlackElo "2402"]
[Result "1-0"]
[Round "01"]
[TimeControl "180+1"]
[Date "2022.05.10"]
[WhiteClock "0:01:40"]
[BlackClock "0:00:01"]

1. Nf3 Nf6 2. b3 g6 3. Bb2 Bg7 4. d4 O-O 5. e3 d5 6. c4 b6 7. Be2 e6 8. O-O Bb7 9. c5 Re8 10. b4 a6 11. Nbd2 Nfd7 12. Rc1 e5 13. dxe5 Nxe5 14. Nxe5 Bxe5 15. Bxe5 Rxe5 16. Nf3 Re8 17. Nd4 Qf6 18. cxb6 Qxb6 19. Qa4 Rd8 20. Rc3 a5 21. bxa5 Rxa5 22. Qc2 c5 23. Rb1 Qc7 24. Nb3 Ra7 25. Nxc5 Qe7 26. a4 Bc6 27. Bb5 Bxb5 28. axb5 Nd7 29. Nxd7 Qxd7 30. b6 Rb7 31. Qd3 Rdb8 32. Qd4 Qd6 33. Rcb3 h5 34. h4 Kh7 35. g3 Qe6 36. Rb5 Kg8 37. Rxd5 Kh7 38. Rd8 Rxd8 39. Qxd8 Qc6 40. Qd4 Qe6 41. Qc5 Qf6 42. e4 Qe6 43. e5 Qf5 44. Rb4 Qf3 45. Rf4 1-0


[Site "https://www.chess.com"]

[Event "Titled Tuesday Blitz May 10 Early 2022"]
[White "Nilsen, Tobias Lang"]
[Black "Vignesh, N R"]
[WhiteFideId "1521624"]
[BlackFideId "25012215"]
[WhiteElo "2014"]
[BlackElo "2363"]
[Result "0-1"]
[Round "01"]
[TimeControl "180+1"]
[Date "2022.05.11"]
[WhiteClock "0:00:19"]
[BlackClock "0:00:22"]

1. f4 d5 2. Nf3 Nc6 3. g3 Bg4 4. Bg2 Bxf3 5. Bxf3 e5 6. d3 Nf6 7. Nc3 Bc5 8. e4 dxe4 9. Nxe4 Nxe4 10. Bxe4 O-O 11. Qe2 Nd4 12. Qg2 exf4 13. Bxf4 c6 14. O-O-O f5 15. Bf3 Qd7 16. Rde1 Rae8 17. Bh5 g6 18. Bd1 Ne6 19. Be5 Bd4 20. Bxd4 Qxd4 21. Qd2 f4 22. c3 Qd6 23. gxf4 Nxf4 24. d4 Kg7 25. h4 h6 26. h5 g5 27. Bc2 Re7 28. Rxe7+ Qxe7 29. Re1 Qf7 30. Qe3 Ng2 31. Qe5+ Qf6 32. Qxf6+ Rxf6 33. Rg1 Nf4 34. Bd1 Re6 35. Kd2 Kf6 36. b3 Rd6 37. Bf3 c5 38. Ke3 cxd4+ 39. cxd4 b6 40. Rc1 Re6+ 41. Kd2 Kf5 42. Rc7 g4 43. Bd1 g3 44. Bf3 g2 45. Rg7 Kf6 46. Rg3 Kf5 47. Bg4+ Kf6 48. Bxe6 Kxe6 49. Ke3 Kf5 50. Kf2 Nxh5 51. Rf3+ Ke4 52. Kxg2 Nf4+ 53. Kg3 Ne2+ 54. Kf2 Nxd4 55. Rh3 Nb5 56. Rxh6 Nc3 57. a4 Kd4 58. Rh7 a5 59. Rh5 Ne4+ 60. Ke2 Ng3+ 61. Kd2 Nxh5 62. Kc2 Nf4 63. Kb2 Nd3+ 64. Ka2 Nb4+ 65. Ka3 Kd3 66. Kb2 Kd2 67. Ka3 Nd5 68. Kb2 Kd3 69. Ka3 Kc3 70. Ka2 Kb4 71. Kb2 Nc3 72. Kc2 Nxa4 73. bxa4 Kxa4 74. Kb2 b5 75. Ka2 b4 76. Kb2 b3 77. Ka1 Kb4 78. Kb1 Ka3 79. Ka1 b2+ 80. Kb1 a4 81. Kc2 Ka2 82. Kd3 b1=Q+ 83. Kd4 Qb2+ 84. Kd5 Kb1 85. Kd6 a3 86. Ke7 a2 87. Kf7 a1=Q 88. Ke7 Qaa2 0-1


[Site "https://www.chess.com"]

[Event "Titled Tuesday Blitz May 10 Early 2022"]
[White "Nogerbek, Kazybek"]
[Black "Yurtseven, Melih"]
[WhiteFideId "13710427"]
[BlackFideId "6312160"]
[WhiteElo "2441"]
[BlackElo "2160"]
[Result "1-0"]
[Round "01"]
[TimeControl "180+1"]
[Date "2022.05.10"]
[WhiteClock "0:00:14"]
[BlackClock "0:00:02"]

1. Nf3 Nf6 2. c4 e6 3. Nc3 d5 4. e3 a6 5. b3 c5 6. cxd5 exd5 7. d4 Nc6 8. Bb2 cxd4 9. Nxd4 Bd6 10. Be2 h5 11. h3 h4 12. Rc1 O-O 13. Nxc6 bxc6 14. Na4 Bf5 15. Qd4 Be4 16. Rxc6 Re8 17. Qb6 Be7 18. Qxd8 Raxd8 19. O-O d4 20. Rxa6 d3 21. Bf3 d2 22. Bd4 Bd3 23. Ra7 Bb4 24. Bxf6 gxf6 25. Rd1 Bc2 26. Nb2 Bc3 27. Nc4 Bxd1 28. Bxd1 Ba1 29. Kf1 Rd3 30. Ke2 Red8 31. Ra5 Bc3 32. Rf5 Bb4 33. Rf4 Rc3 34. Rxh4 Rc1 35. Rg4+ Kf8 36. h4 f5 37. Rf4 Bc3 38. Rxf5 Ra8 39. a4 Rb8 40. h5 Rxd1 41. Kxd1 Rxb3 42. Nxd2 1-0


[Site "https://www.chess.com"]

[Event "Titled Tuesday Blitz May 10 Early 2022"]
[White "Odegov, Artem"]
[Black "Maksimovic, Bojan"]
[WhiteFideId "34183644"]
[BlackFideId "14408120"]
[WhiteElo "2286"]
[BlackElo "2448"]
[Result "0-1"]
[Round "01"]
[TimeControl "180+1"]
[Date "2022.05.11"]
[WhiteClock "0:00:07"]
[BlackClock "0:00:06"]

1. d4 d5 2. c4 dxc4 3. Nf3 Nf6 4. e3 Bg4 5. Bxc4 e6 6. O-O Nc6 7. Nc3 Bd6 8. h3 Bh5 9. a3 O-O 10. b4 a6 11. Bb2 Qe7 12. Be2 Rad8 13. Qc2 e5 14. d5 Nb8 15. e4 Nbd7 16. Rad1 Bxf3 17. Bxf3 Ra8 18. Be2 a5 19. Nb5 axb4 20. Nxd6 cxd6 21. axb4 Rfc8 22. Qb1 Nb6 23. f4 Nfd7 24. f5 Qh4 25. Rf3 Nf6 26. Bd3 Na4 27. Rdf1 Nxb2 28. Qxb2 Nxe4 29. Bxe4 Qxe4 30. f6 Rc2 31. Qb1 g6 32. Kh1 h5 33. Rg3 Raa2 34. Rg1 Qf5 35. Qe1 Qxf6 36. Qe3 Qf4 37. Qxf4 exf4 38. Rf3 g5 39. h4 f6 40. Re1 Rxg2 41. hxg5 fxg5 42. Rc1 Kf7 43. Rc7+ Kf6 44. Rd7 Rgb2 45. Rxd6+ Ke5 46. Re6+ Kxd5 47. Re1 Rxb4 48. Rd3+ Rd4 49. Rb3 Rad2 50. Rb5+ Kc6 51. Rxg5 Rd1 52. Rg6+ Kc5 53. Rxd1 Rxd1+ 54. Kg2 b5 55. Rg5+ Kc4 56. Rxh5 b4 57. Rh8 b3 58. Rc8+ Kd3 59. Kf3 b2 60. Rd8+ Kc2 61. Rc8+ Kb3 62. Rb8+ Ka2 63. Ra8+ Kb1 64. Ke2 Rd7 65. Ra6 Rc7 66. Kd2 f3 67. Ke3 Kc1 68. Ra7 Rxa7 69. Kxf3 b1=Q 70. Ke3 Qb4 71. Kd3 Ra3+ 72. Ke2 Qd2+ 73. Kf1 Rf3+ 74. Kg1 Qf2+ 75. Kh1 Rh3# 0-1


[Site "https://www.chess.com"]

[Event "Titled Tuesday Blitz May 10 Early 2022"]
[White "Oganian, Miran"]
[Black "Moskvin, Anatoly"]
[WhiteFideId "4122488"]
[BlackFideId "24199990"]
[WhiteElo "2357"]
[BlackElo "2079"]
[Result "1-0"]
[Round "01"]
[TimeControl "180+1"]
[Date "2022.05.11"]
[WhiteClock "0:01:57"]
[BlackClock "0:00:21"]

1. e4 e5 2. Nf3 Nc6 3. Nc3 Nf6 4. d4 exd4 5. Nxd4 Bb4 6. Nxc6 bxc6 7. Bd3 d5 8. exd5 cxd5 9. O-O O-O 10. h3 h6 11. Qf3 Bd6 12. Re1 c6 13. Bf4 Be6 14. Rad1 Rb8 15. b3 Bxf4 16. Qxf4 Qa5 17. Ne2 Rb4 18. Qf3 Ne4 19. c3 Ng5 20. Qg3 Rb7 21. Nd4 c5 22. h4 cxd4 23. hxg5 hxg5 24. cxd4 Rc8 25. Qxg5 Qxa2 26. Qh5 Rc3 27. Rxe6 Rxd3 28. Re8# 1-0


[Site "https://www.chess.com"]

[Event "Titled Tuesday Blitz May 10 Early 2022"]
[White "Olsen, Filip Boe"]
[Black "Martinez Alcantara, Jose Eduardo"]
[WhiteFideId "1440640"]
[BlackFideId "3805662"]
[WhiteElo "2247"]
[BlackElo "2690"]
[Result "0-1"]
[Round "01"]
[TimeControl "180+1"]
[Date "2022.05.10"]
[WhiteClock "0:00:45"]
[BlackClock "0:01:48"]

1. d4 Nf6 2. Nf3 e6 3. Bf4 d5 4. e3 Bd6 5. Bg3 c5 6. c3 O-O 7. Nbd2 Qc7 8. Ne5 b6 9. Bd3 Ba6 10. Ndf3 Bxd3 11. Qxd3 Ne4 12. Nd2 Nxd2 13. Qxd2 Bxe5 14. Bxe5 Qc6 15. O-O Nd7 16. Bg3 a5 17. Rac1 b5 18. f3 Rfc8 19. Kh1 Nb6 20. Qe2 a4 21. a3 Nc4 22. e4 cxd4 23. cxd4 Qb6 24. exd5 exd5 25. Be5 Re8 26. Qf2 f6 27. Bf4 Re6 28. Rfe1 Rae8 29. h4 Kf7 30. Rxe6 Qxe6 31. Rc2 Qe1+ 32. Qg1 Qxh4+ 0-1


[Site "https://www.chess.com"]

[Event "Titled Tuesday Blitz May 10 Early 2022"]
[White "Omariev, Maksim"]
[Black "Oparin, Grigoriy"]
[WhiteFideId "4193423"]
[BlackFideId "24125890"]
[WhiteElo "2522"]
[BlackElo "2665"]
[Result "0-1"]
[Round "01"]
[TimeControl "180+1"]
[Date "2022.05.10"]
[WhiteClock "0:00:02"]
[BlackClock "0:00:33"]

1. g4 f5 2. gxf5 d5 3. c4 Bxf5 4. Bg2 e6 5. Nc3 c6 6. d4 Nf6 7. Nf3 Nbd7 8. Bg5 Bd6 9. Qd2 O-O 10. O-O-O Bb4 11. a3 Bxc3 12. Qxc3 Ne4 13. Bxd8 Nxc3 14. bxc3 Raxd8 15. Rhg1 Be4 16. Ng5 Rxf2 17. Bxe4 dxe4 18. Nxe6 Re8 19. Rxg7+ Kh8 20. Rdg1 Nf6 21. Rf7 e3 22. Nf8 Re4 23. h4 Ng4 24. Rxg4 Rxg4 25. Rxh7+ Kg8 0-1


[Site "https://www.chess.com"]

[Event "Titled Tuesday Blitz May 10 Early 2022"]
[White "Omelja, Artem"]
[Black "Silva, Mariana Sofia T."]
[WhiteFideId "14119846"]
[BlackFideId "1911899"]
[WhiteElo "2382"]
[BlackElo "1825"]
[Result "1-0"]
[Round "01"]
[TimeControl "180+1"]
[Date "2022.05.11"]
[WhiteClock "0:00:03"]
[BlackClock "0:00:01"]

1. d4 Nf6 2. c4 e6 3. Nf3 d5 4. Nc3 c5 5. cxd5 exd5 6. Bg5 c4 7. g3 Be7 8. Bg2 Be6 9. O-O O-O 10. Ne5 h6 11. Bxf6 Bxf6 12. e4 dxe4 13. Nxe4 Bxe5 14. dxe5 Nc6 15. Qxd8 Raxd8 16. f4 Bd5 17. Rfd1 Nb4 18. Nd6 Bxg2 19. Kxg2 b5 20. Nxb5 Nd3 21. Rab1 Rd7 22. Nd6 f6 23. Nxc4 Rfd8 24. e6 Nxf4+ 25. gxf4 Rxd1 26. e7 R1d2+ 27. Kf3 Re8 28. Nxd2 Rxe7 29. Rc1 1-0


[Site "https://www.chess.com"]

[Event "Titled Tuesday Blitz May 10 Early 2022"]
[White "Onslow, Alfie"]
[Black "Perez Gormaz, Matias"]
[WhiteFideId "436976"]
[BlackFideId "3406342"]
[WhiteElo "1885"]
[BlackElo "2341"]
[Result "0-1"]
[Round "01"]
[TimeControl "180+1"]
[Date "2022.05.11"]
[WhiteClock "0:00:05"]
[BlackClock "0:00:07"]

1. e4 d5 2. exd5 Qxd5 3. Nf3 Bg4 4. Be2 Nc6 5. c4 Qf5 6. d4 O-O-O 7. Be3 Nf6 8. d5 e6 9. Nd4 Nxd4 10. Qxd4 Bxe2 11. Kxe2 exd5 12. Qxa7 Qg4+ 13. Ke1 Qxg2 14. Rf1 dxc4 15. Nc3 Qc6 16. a4 Bb4 17. a5 Qa6 18. Qxa6 bxa6 19. Ra4 Nd5 20. Ke2 Bxc3 21. Rxc4 Bxa5 22. Rfc1 Rd7 23. Rc5 Bb4 24. Rc6 Kb7 25. Kf3 a5 26. Bd4 f6 27. b3 Re8 28. R1c4 Bd6 29. Rc1 Nb4 30. R6c4 Be5 31. Be3 g5 32. h3 Bd6 33. Ra1 Re5 34. Ra4 h5 35. Bd4 Rf5+ 36. Kg2 Rb5 37. Be3 f5 38. Bd2 f4 39. Bc3 g4 40. Bd2 f3+ 41. Kg1 Rd5 42. Be1 Rd1 43. Kf1 Re7 44. Rcxb4+ axb4 45. Ra1 Rexe1# 0-1


[Site "https://www.chess.com"]

[Event "Titled Tuesday Blitz May 10 Early 2022"]
[White "Ovezdurdyyeva, Jemal"]
[Black "Maevsky, Nikolay"]
[WhiteFideId "14001888"]
[BlackFideId "4198220"]
[WhiteElo "1946"]
[BlackElo "2149"]
[Result "1-0"]
[Round "01"]
[TimeControl "180+1"]
[Date "2022.05.11"]
[WhiteClock "0:00:48"]
[BlackClock "0:00:01"]

1. e4 c5 2. Nf3 Nf6 3. e5 Nd5 4. d4 cxd4 5. c3 e6 6. cxd4 d6 7. Nc3 Nxc3 8. bxc3 Nc6 9. Bf4 Be7 10. Bd3 dxe5 11. Nxe5 Nxe5 12. Bxe5 O-O 13. Qc2 g6 14. O-O Bf6 15. f4 Bd7 16. Be4 Bc6 17. Rab1 Be7 18. Qd3 f6 19. Bxc6 bxc6 20. Qc4 Qd7 21. f5 fxe5 22. fxe6 Qd5 23. Qxd5 cxd5 24. Rb7 Rxf1+ 25. Kxf1 Kf8 26. dxe5 Rc8 27. Rxa7 Rxc3 28. Ra8+ Kg7 29. Ra7 Kf8 30. Ra8+ Bd8 31. Rxd8+ Ke7 32. Rxd5 Kxe6 33. Ra5 Rc2 34. a3 h5 35. Ra6+ Kxe5 36. Rxg6 Ra2 37. Rg5+ Kf4 38. Rxh5 Rxa3 39. Rh4+ Kg5 40. Re4 Ra2 41. Re2 Ra3 42. Kf2 Kg4 43. Re4+ Kf5 44. Re2 Kg4 45. Rc2 Kf5 46. h3 Kf4 47. Rc4+ Kf5 48. Rd4 Kg5 49. Kg1 Kf5 50. Kh2 Kg5 51. h4+ Kh5 52. g3 Rb3 53. Kh3 Rb5 54. Rd8 Rb3 55. Rg8 Kh6 56. Rg5 Rc3 57. Rd5 Rb3 58. h5 Rc3 59. Kh4 Rc6 60. g4 Rc4 61. Rd6+ Kg7 62. h6+ Kh7 63. Kh5 Rc1 64. Rd7+ Kh8 65. g5 Rc6 66. Rf7 Rc8 67. Kg6 Rg8+ 68. Kf6 Re8 69. g6 Rg8 70. Rh7# 1-0


[Site "https://www.chess.com"]

[Event "Titled Tuesday Blitz May 10 Early 2022"]
[White "Padmini, Rout"]
[Black "Kovalenko, Igor"]
[WhiteFideId "5029295"]
[BlackFideId "14117908"]
[WhiteElo "2181"]
[BlackElo "2560"]
[Result "0-1"]
[Round "01"]
[TimeControl "180+1"]
[Date "2022.05.10"]
[WhiteClock "0:00:09"]
[BlackClock "0:01:13"]

1. e4 c5 2. Nf3 e6 3. d3 Nc6 4. g3 d6 5. Bg2 Nf6 6. O-O Be7 7. c3 O-O 8. Re1 h6 9. Nbd2 b5 10. d4 Bb7 11. e5 dxe5 12. dxe5 Nd7 13. c4 a6 14. b3 Qc7 15. Bb2 Rfd8 16. Qe2 Nb6 17. a3 bxc4 18. bxc4 Na4 19. Rab1 Rab8 20. Ba1 Nd4 21. Nxd4 cxd4 22. Bxb7 Rxb7 23. Rxb7 Qxb7 24. Qg4 Bxa3 25. Bxd4 Bb4 26. Rb1 a5 27. Nf3 Qe7 28. Be3 Kh8 29. Nd4 Rc8 30. Nc2 Nc3 31. Rf1 Bc5 32. Bxc5 Rxc5 33. Qd4 Ne2+ 0-1


[Site "https://www.chess.com"]

[Event "Titled Tuesday Blitz May 10 Early 2022"]
[White "Panesar Vedant"]
[Black "Buscar, Michael"]
[WhiteFideId "35033018"]
[BlackFideId "2603616"]
[WhiteElo "1975"]
[BlackElo "2010"]
[Result "1-0"]
[Round "01"]
[TimeControl "180+1"]
[Date "2022.05.11"]
[WhiteClock "0:01:46"]
[BlackClock "0:00:35"]

1. d4 d5 2. Nf3 e6 3. Bf4 c5 4. e3 Nf6 5. Nbd2 c4 6. c3 Be7 7. Ne5 Nbd7 8. g4 Nf8 9. g5 N6d7 10. h4 Ng6 11. Nxg6 hxg6 12. Bg2 Qb6 13. b3 cxb3 14. axb3 Bd6 15. Bxd6 Qxd6 16. c4 dxc4 17. bxc4 e5 18. c5 Qc7 19. Nc4 exd4 20. Nd6+ Kf8 21. exd4 Kg8 22. Bd5 Kh7 23. h5 Kg8 24. Qf3 Nf6 25. gxf6 Be6 26. Bxe6 fxe6 27. f7+ Kf8 28. hxg6 Ke7 29. Ke2 Rxh1 30. Rxh1 Qa5 31. Qxb7+ Kf6 32. Qxa8 Qa2+ 33. Kf3 1-0


[Site "https://www.chess.com"]

[Event "Titled Tuesday Blitz May 10 Early 2022"]
[White "Pasti, Aron"]
[Black "Cherniaiev, Tykhon"]
[WhiteFideId "785857"]
[BlackFideId "14182360"]
[WhiteElo "2133"]
[BlackElo "2289"]
[Result "1-0"]
[Round "01"]
[TimeControl "180+1"]
[Date "2022.05.11"]
[WhiteClock "0:00:04"]
[BlackClock "0:00:02"]

1. e4 c5 2. Nf3 e6 3. d4 cxd4 4. Nxd4 a6 5. Bd3 Qc7 6. O-O Nf6 7. c4 Nc6 8. Nxc6 dxc6 9. Qe2 e5 10. Nc3 Be7 11. f4 O-O 12. Kh1 Bg4 13. Qf2 Rad8 14. Bc2 Be6 15. b3 Qa5 16. Ne2 exf4 17. Nxf4 Qe5 18. Nxe6 fxe6 19. Bf4 Qh5 20. e5 Ng4 21. Qg3 Bh4 22. Qh3 g5 23. Bg3 Rd2 24. Rxf8+ Kxf8 25. Be4 Rd4 26. Bf3 Ke7 27. Bxh4 gxh4 28. Bxg4 Rxg4 29. Rf1 Rf4 30. Qd3 Rxf1+ 31. Qxf1 Qxe5 32. h3 Qf6 33. Qd3 h6 34. Qe3 e5 35. Qc5+ Qd6 36. Qb6 e4 37. Qxb7+ Kf6 38. Qb6 Qd1+ 39. Kh2 Qd6+ 40. Kh1 Kf5 41. Qf2+ Qf4 42. Qc5+ Qe5 43. Qf2+ Kg5 44. Qe3+ Qf4 45. Qc5+ Qf5 46. Qe3+ Kg6 47. Kg1 Qe5 48. a4 a5 49. c5 h5 50. Kf2 Kf5 51. Kf1 Qa1+ 52. Ke2 Qb2+ 53. Kf1 Qe5 54. Ke2 Qf4 55. Qd4 Qg3 56. Qd7+ Kg5 57. Qg7+ Kf4 58. Qf6# 1-0


[Site "https://www.chess.com"]

[Event "Titled Tuesday Blitz May 10 Early 2022"]
[White "Perez Rodriguez, Jennifer"]
[Black "Samadov, Read"]
[WhiteFideId "3507831"]
[BlackFideId "13417444"]
[WhiteElo "2170"]
[BlackElo "2084"]
[Result "0-1"]
[Round "01"]
[TimeControl "180+1"]
[Date "2022.05.11"]
[WhiteClock "0:00:09"]
[BlackClock "0:00:15"]

1. e4 c5 2. c3 d5 3. exd5 Qxd5 4. d4 Nc6 5. Nf3 Bf5 6. Be3 Nf6 7. c4 Qd7 8. d5 Nb4 9. Na3 e6 10. dxe6 Bxe6 11. Ne5 Qc7 12. Qa4+ Nd7 13. Bf4 Nc6 14. Ng6 Qb6 15. Nxh8 Qxb2 16. Rb1 Qc3+ 17. Bd2 Qe5+ 18. Be2 O-O-O 19. Qb3 Nb6 20. Qe3 Bd6 21. Nxf7 Bxf7 22. Qxe5 Nxe5 23. O-O Nexc4 24. Nxc4 Nxc4 25. Bg5 Re8 26. Bf3 b6 27. Rfd1 Kc7 28. Rbc1 Ne5 29. Bd5 Bg6 30. g3 Nd3 31. Rc3 Nb4 32. Re3 Rxe3 33. Bxe3 Nxd5 34. Rxd5 Kc6 35. Rd2 c4 36. Bd4 a5 37. Bxg7 b5 38. g4 b4 39. h4 b3 40. axb3 cxb3 41. h5 Bc2 42. Bb2 Bb4 43. Re2 a4 44. Re6+ Kd5 45. Ra6 a3 46. Bxa3 Bxa3 47. Rxa3 b2 48. Ra5+ Kc4 0-1


[Site "https://www.chess.com"]